 Dungeon Crawl Stone Soup version 0.29-a0-43-g62a80824bf (webtiles) character file.

Game seed: 17121583239232133170

113 testman the Skirmisher (level 4, -7/40 HPs)
             Began as a Palentonga Fighter on Feb 2, 2022.
             Succumbed to a water moccasin's poison
             ... on level 3 of the Dungeon.
             The game lasted 00:03:59 (1506 turns).

testman the Skirmisher (Palentonga Fighter)         Turns: 1506, Time: 00:04:00

Health: -7/40      AC:  6    Str: 22    XL:     4   Next: 65%
Magic:  4/4        EV:  7    Int:  8    God:
Gold:   88         SH:  5    Dex:  9    Spells: 3/3 levels left

rFire   . . .      SeeInvis +   a - +0 war axe
rCold   . . .      Faith    .   c - +1 buckler
rNeg    . . .      Spirit   .   b - +0 scale mail
rPois   .          Reflect  .   (no helmet)
rElec   .          Harm     .   (no cloak)
rCorr   .          Rampage  .   (no gloves)
Will    .....                   (no barding)
Stlth   ..........              (no amulet)
HPRegen 0.13/turn               (no ring)
MPRegen 0.09/turn               (no ring)

@: mighty, lethally poisoned (-7 -> -38)
A: large, rugged brown scales 3, see invisible, deformed body, roll 1, armoured
tail
a: Rolling Charge


You were on level 3 of the Dungeon.
You visited 1 branch of the dungeon, and saw 3 of its levels.

You collected 88 gold pieces.

Inventory:

Hand Weapons
 a - a +0 war axe (weapon)
Missiles
 f - 49 stones
Armour
 b - a +0 scale mail (worn)
 c - a +1 buckler (worn)
Scrolls
 i - 2 scrolls of teleportation
 k - a scroll of vulnerability
Potions
 e - 2 potions of degeneration
 g - a potion of magic {unknown}
 j - a potion of brilliance {unknown}
 l - 3 potions of curing {unknown}


   Skills:
 + Level 4.4 Fighting
 + Level 3.7 Axes
 - Level 2.4 Armour
 - Level 2.4 Shields


You had 3 spell levels left.
You didn't know any spells.
Your spell library was empty.

Dungeon Overview and Level Annotations

Branches:
Dungeon (3/15)

Altars:


Innate Abilities, Weirdness & Mutations

You are completely covered in rugged brown scales. (AC +3, +7% HP)
You have supernaturally acute eyesight. (SInv)
Armour fits poorly on your strangely shaped body.
You can roll at nearby foes to attack.
You have a long armoured tail.


Message History

You feel very mighty all of a sudden.
Roll where?
Press: ? - help, Q - select action, (/) - cycle Dir - move target, f - water moccasin
Aim: a water moccasin You roll forward with a clatter of scales!
You completely miss the water moccasin. You block the water moccasin's attack.
The water moccasin barely misses you.
You slash the water moccasin!
Your tail-slap misses the water moccasin.
The water moccasin is heavily wounded.
The water moccasin bites you but does no damage.
The water moccasin bites you.
You are poisoned.
The water moccasin poisons you!
You closely miss the water moccasin.
The water moccasin is heavily wounded.
You feel very sick.
The water moccasin bites you but does no damage.
The water moccasin bites you.
You barely miss the water moccasin.
Your tail-slap misses the water moccasin.
The water moccasin is heavily wounded.
You feel very sick. The water moccasin bites you.
You are lethally poisoned!
The water moccasin poisons you!
A rat comes into view.
The water moccasin bites you.
You are more poisoned.
The water moccasin poisons you!
You barely miss the water moccasin.
The water moccasin is heavily wounded.
* * * LOW HITPOINT WARNING * * *
You feel extremely sick. You block the water moccasin's attack.
The water moccasin bites you.
* * * LOW HITPOINT WARNING * * *
You barely miss the water moccasin.
The water moccasin is heavily wounded.
You hear the brisk rusting of a very distant drain.
You die...

#.# #.# #.# #.# #.#
#.# #†# ######.#
#.######.S@##)#####.
#........#†..........
#..r.<......#####.#
#..............
#.############..# #
##


You could see a water moccasin and a rat.

Vanquished Creatures
  A hound (D:3)
  5 adders
  A dart slug (D:2)
  3 endoplasms
  2 giant cockroaches
  4 goblins
  3 hobgoblins
  6 jackals
  2 kobolds
  A quokka (D:1)
  A ball python (D:3)
  2 bats (D:2)
  A frilled lizard (D:3)
  3 rats
35 creatures vanquished.

Vanquished Creatures (others)
  3 withered plants (D:3)
3 creatures vanquished.

Grand Total: 38 creatures vanquished

Notes
Turn   | Place    | Note
-------+----------+-------------------------------------------
     0 | D:1      | testman the Palentonga Fighter began the quest for the Orb.
     0 | D:1      | Reached XP level 1. HP: 19/19 MP: 1/1
    32 | D:1      | Reached XP level 2. HP: 17/25 MP: 2/2
   493 | D:2      | Reached XP level 3. HP: 18/32 MP: 3/3
   849 | D:2      | Reached skill level 4 in Fighting
  1374 | D:3      | Reached XP level 4. HP: 33/39 MP: 4/4
  1497 | D:3      | Noticed a water moccasin
  1505 | D:3      | HP: 2/40 [water moccasin (2)]
  1506 | D:3      | Succumbed to a water moccasin's poison

Illustrated notes

Levels and vault maps discovered:
D:1:      nicolae_arrival_memento_mori, layout_rooms, serial_bayou,
          serial_bayou_crossing, serial_bayou_pond_d, serial_bayou_pond_d,
          serial_bayou_pond_d
D:2:      layout_basic
D:3:      minmay_spotlight, layout_loops_ring, lemuel_crystal_altar,
          kiku_gazebo_garden_becter, cheibrodos_sewer_entry_bend,
          hellmonk_ecumenical_altar_run_dry, chequers_serial_rivers_room_a,
          grunt_ministairs_11

Skill      XL: |  1  2  3 |
---------------+----------+-----
Axes           | 3 |  3.7
Fighting       | 4 |  4.4
Armour         | |  2.4
Shields        | |  2.4

Action                   |  1- 3 |  4- 6 || total
-------------------------+-------+-------++-------
Melee: War axe           |    72 |    23 ||    95
       Tailslap          |    14 |     1 ||    15
 Abil: Rolling Charge    |    18 |     4 ||    22
  Use: Scroll            |     6 |       ||     6
       Potion            |       |     1 ||     1
Armor: Scale mail        |    41 |    12 ||    53
Dodge: Dodged            |    41 |    13 ||    54
Block: Buckler           |    20 |     9 ||    29

Table legend: (Time is in decaauts)
 A = Elapsed time spent in this place.
 B = Non-inter-level travel time spent in this place.
 C = Inter-level travel time spent in this place.
 D = Time resting spent in this place.
 E = Time spent auto-exploring this place.
 F = Levels seen in this place.
 G = Mean time per level.
                   A        B        C        D        E       F      G
               +--------+--------+--------+--------+--------+-----+--------+
         Total |   1552 |   1470 |     82 |    135 |   1110 |   3 |  517.3 |
       Dungeon |   1552 |   1470 |     82 |    135 |   1110 |   3 |  517.3 |
               +--------+--------+--------+--------+--------+-----+--------+

Top non-repeatable levels by time:
     D:2: 937 daAuts
     D:1: 455 daAuts
     D:3: 159 daAuts
